 Dungeon Crawl Stone Soup version 0.28-a0-1152-g9c71ebef14 (webtiles) character file.

Game seed: 3886683955182683326

142 coolguy420 the Conjurer (level 5, 0/28 HPs)
             Began as a Deep Elf Conjurer on Dec 14, 2021.
             Slain by Pargi (1 damage)
             ... in a sewer.
             The game lasted 00:05:42 (2643 turns).

coolguy420 the Conjurer (Deep Elf Conjurer)         Turns: 2643, Time: 00:05:42

Health: 0/28       AC:  2    Str:  4    XL:     5   Next: 4%
Magic:  8/13       EV: 12    Int: 25    God:
Gold:   49         SH:  0    Dex: 13    Spells: 10/13 levels left

rFire   . . .      SeeInvis .   (no weapon)
rCold   . . .      Faith    .   (no shield)
rNeg    . . .      Spirit   .   a - +0 robe
rPois   .          Reflect  .   (no helmet)
rElec   .          Harm     .   (no cloak)
rCorr   .          Rampage  .   (no gloves)
Will    .....                   (no boots)
Stlth   ++........              (no amulet)
HPRegen 0.09/turn               (no ring)
MPRegen 0.13/turn               (no ring)

@: no status effects
A: no striking features
a: no special abilities


You were in a sewer.
You visited 1 branch of the dungeon, and saw 3 of its levels.
You also visited: Sewer.

You collected 49 gold pieces.

Inventory:

Armour
 a - a +0 robe (worn)
Scrolls
 b - a scroll of silence {unknown}
 f - 3 scrolls of teleportation {unknown}
 i - 2 scrolls of noise {unknown}
 j - a scroll of blinking {unknown}
 k - a scroll of fog {unknown}
Potions
 c - 3 potions of curing {unknown}
 d - a potion of degeneration {unknown}
 e - 3 potions of berserk rage
 g - a potion of heal wounds {unknown}
 h - 2 potions of might {unknown}


   Skills:
 + Level 2.7 Dodging
 + Level 3.0 Stealth
 + Level 4.5 Spellcasting
 + Level 6.0 Conjurations


You had 10 spell levels left.
You knew the following spells:

 Your Spells              Type           Power      Damage    Failure   Level
a - Magic Dart            Conj           100%       1d8       1%          1
b - Searing Ray           Conj           72%        2d7       1%          2

Your spell library contained the following spells:

 Spells                   Type           Power      Damage    Failure   Level
 Dazzling Flash           Conj/Hex       40%        N/A       8%          3
 Fulminant Prism          Conj/Hex       10%        3d9       24%         4
 Iskenderun's Mystic Bla  Conj/Tloc      20%        2d6       24%         4


Dungeon Overview and Level Annotations

Branches:
Dungeon (3/15)              Sewer (1/1)

Altars:

Annotations:
Sewer Pargi


Message History

Confirm with . or Enter, or press ? or * to list all spells.
You can't see any susceptible monsters within range! (Use Z to cast anyway.) Unknown command.
Attack: -) Nothing wielded
Press: ? - help, Dir - move target, p - Pargi Your weapon can't reach that far!
Okay, then.
Press: ? - help, v - describe, . - travel The floor.
Found a gate leading back out of this place.
Found a potion of berserk rage.
There is a gate leading back out of this place here.
You see here a potion of berserk rage.
e - 3 potions of berserk rage (gained 1)
Casting: Magic Dart (safe; 1% risk of failure)
Confirm with . or Enter, or press ? or * to list all spells.
You can't see any susceptible monsters within range! (Use Z to cast anyway.) Unknown command.
Casting: Magic Dart (safe; 1% risk of failure)
Confirm with . or Enter, or press ? or * to list all spells.
Aiming: Searing Ray (safe; 1% risk of failure)
Press: ? - help, Shift-Dir - straight line, f/p - Pargi
Aim: Pargi (76% to hit)
The searing ray hits Pargi!
Pargi is moderately wounded. (Press . to maintain the ray.)
The searing ray hits Pargi!
Pargi is heavily wounded.
The searing ray hits Pargi!
Pargi is almost dead.
Pargi bites you! Pargi claws you. x2
The searing ray misses Pargi.
You finish channelling your searing ray.
Pargi bites you. Pargi claws you.
* * * LOW HITPOINT WARNING * * *
Pargi barely misses you. Pargi bites you!
* * * LOW HITPOINT WARNING * * *
Pargi claws you but does no damage. Pargi claws you.
You die...

################...
#.@T...............
###########.####...
#.# #.# #.# #.# #.#
##.## ##...##


You could see Pargi.

Vanquished Creatures
  Terence (D:2)
  4 adders
  A worm (D:2)
  2 dart slugs (D:1)
  7 orcs (D:3)
  9 bats
  9 endoplasms
  4 giant cockroaches
  3 goblins
  6 hobgoblins
  3 quokkas
  2 ball pythons (D:1)
  3 frilled lizards
  6 kobolds
  3 rats (D:2)
63 creatures vanquished.

Vanquished Creatures (others)
  5 fungi (D:2)
  8 plants (D:2)
13 creatures vanquished.

Grand Total: 76 creatures vanquished

Notes
Turn   | Place    | Note
-------+----------+-------------------------------------------
     0 | D:1      | coolguy420 the Deep Elf Conjurer began the quest for the
                  | Orb.
     0 | D:1      | Reached XP level 1. HP: 10/10 MP: 6/6
   155 | D:1      | Reached XP level 2. HP: 11/15 MP: 1/8
   367 | D:1      | Reached skill level 5 in Conjurations
  1076 | D:2      | Noticed Terence
  1081 | D:2      | Reached XP level 3. HP: 12/19 MP: 4/9
  1195 | D:1      | Learned a level 2 spell: Searing Ray
  1550 | D:2      | Killed Terence
  1551 | D:2      | Reached XP level 4. HP: 24/24 MP: 1/11
  1731 | D:2      | Found a faded altar of an unknown god.
  2424 | D:3      | Reached skill level 6 in Conjurations
  2517 | D:3      | Found a glowing drain.
  2522 | D:3      | Reached XP level 5. HP: 23/28 MP: 8/13
  2530 | Sewer    | Entered a sewer
  2624 | Sewer    | Noticed Pargi
  2643 | Sewer    | HP: 1/28 [Pargi (7)]
  2643 | Sewer    | Slain by Pargi

Illustrated notes

Levels and vault maps discovered:
D:1:      tarquinn_simple_flora_water_c, layout_basic
D:2:      layout_rooms, shapermc_ecumenical_altar_mp_ritualfount,
          minmay_misc_feat_doors, uniq_terence
D:3:      layout_loops_corners, portal_sewer_entry_d, grunt_decor_one_mirror
Sewer:    sewer_big_baddie

Skill      XL: |  1  2  3  4  5 |
---------------+----------------+-----
Conjurations   | 5 6 |  6.0
Spellcasting   | 4 |  4.5
Stealth        | 3 |  3.0
Dodging        | |  2.7

Action                   |  1- 3 |  4- 6 || total
-------------------------+-------+-------++-------
Melee: Unarmed           |       |     1 ||     1
 Cast: Magic Dart        |    67 |    54 ||   121
       Searing Ray       |     2 |     5 ||     7
Armor: Robe              |     4 |     1 ||     5
Dodge: Dodged            |    10 |    10 ||    20

Table legend: (Time is in decaauts)
 A = Elapsed time spent in this place.
 B = Non-inter-level travel time spent in this place.
 C = Inter-level travel time spent in this place.
 D = Time resting spent in this place.
 E = Time spent auto-exploring this place.
 F = Levels seen in this place.
 G = Mean time per level.
                   A        B        C        D        E       F      G
               +--------+--------+--------+--------+--------+-----+--------+
         Total |   2647 |   2578 |     69 |    107 |   2121 |   4 |  661.8 |
       Dungeon |   2534 |   2465 |     69 |    107 |   2036 |   3 |  844.7 |
         Sewer |    112 |    112 |      0 |      0 |     85 |   1 |  112.0 |
               +--------+--------+--------+--------+--------+-----+--------+

Top non-repeatable levels by time:
     D:1: 1233 daAuts
     D:2: 909 daAuts
     D:3: 392 daAuts
   Sewer: 112 daAuts
